 Dungeon Crawl Stone Soup version 0.29-a0-1027-gcd8c55af63 (webtiles) character file.

Game seed: 15547485165630247104

478 RaspberryAmber the Trooper (level 7, -4/68 HPs)
             Began as a Naga Fighter on Aug 13, 2022.
             Slain by a gnoll
             ... wielding a +0 flail
             ... led by a gnoll bouda
              (5 damage)
             ... on level 5 of the Dungeon.
             The game lasted 00:07:22 (4898 turns).

RaspberryAmber the Trooper (Naga Fighter)           Turns: 4898, Time: 00:07:23

Health: -4/68      AC:  7    Str: 24    XL:     7   Next: 11%
Magic:  7/7        EV:  6    Int:  8    God:
Gold:   302        SH:  4    Dex: 13    Spells: 6/6 levels left

rFire   x . .      SeeInvis +   q - +10 long sword "Warpheryi" {freeze, rF- Str+6}
rCold   . . .      Faith    .   c - +0 buckler
rNeg    . . .      Spirit   .   u - +0 chain mail
rPois   +          Reflect  .   (no helmet)
rElec   .          Harm     .   (no cloak)
rCorr   .          Rampage  .   (no gloves)
Will    .....                   (no barding)
Stlth   ..........              (no amulet)
HPRegen 0.21/turn               (no ring)
MPRegen 0.10/turn               (no ring)

@: very slow
A: AC +2, large, see invisible, deformed body, poison resistance, slowness 2,
spit poison 1, naga tail 1
a: Spit Poison


You were on level 5 of the Dungeon.
You visited 1 branch of the dungeon, and saw 5 of its levels.

You collected 302 gold pieces.

Inventory:

Hand Weapons
 a - a +0 war axe
 q - the +10 long sword "Warpheryi" (weapon) {freeze, rF- Str+6}
   (You found it on level 3 of the Dungeon)

   It freezes those it strikes, dealing additional cold damage.
   It can also slow down cold-blooded creatures.
   Str:       It affects your strength (+6).
   rF:        It makes you vulnerable to fire.
Missiles
 w - a throwing net
Armour
 c - a +0 buckler (worn)
 u - a +0 chain mail (worn)
Jewellery
 x - an amulet of the acrobat
Scrolls
 d - 4 scrolls of identify {unknown}
 e - 5 scrolls of teleportation {unknown}
 f - a scroll of poison {unknown}
 g - 4 scrolls of noise {unknown}
 k - a scroll of blinking {unknown}
 l - a scroll of magic mapping {unknown}
 o - a scroll of vulnerability {unknown}
 p - a scroll of fear {unknown}
 r - 2 scrolls of immolation {unknown}
 t - 2 scrolls of amnesia {unknown}
Potions
 b - a potion of haste {unknown}
 h - 3 potions of curing {unknown}
 i - 2 potions of invisibility {unknown}
 j - a potion of magic {unknown}
 m - a potion of mutation {unknown}
 n - 2 potions of attraction {unknown}
 s - a potion of brilliance {unknown}
 v - 2 potions of flight {unknown}


   Skills:
 * Level 5.8 Fighting
 * Level 3.9 Long Blades
 - Level 3.2 Axes
 - Level 2.4 Armour
 - Level 1.0 Dodging
 - Level 2.6 Shields


You had 6 spell levels left.
You didn't know any spells.
Your spell library contained the following spells:

 Spells                   Type           Power      Damage    Failure   Level
 Ensorcelled Hibernation  Hex/Ice        0%         N/A       99%         2
 Ignite Poison            Fire/Tmut/Pois 0%         N/A       100%        3
 Inner Flame              Hex/Fire       0%         N/A       100%        3
 Mephitic Cloud           Conj/Pois/Air  0%         N/A       100%        3
 Ozocubu's Armour         Ice            0%         N/A       100%        3
 Cause Fear               Hex            0%         N/A       100%        4
 Freezing Cloud           Conj/Ice/Air   0%         6-21      100%        5
 Lee's Rapid Deconstruct  Erth           0%         3d5*      100%        5
 Metabolic Englaciation   Hex/Ice        0%         N/A       100%        5
 Iron Shot                Conj/Erth      0%         9d1       100%        6
 Simulacrum               Ice/Necr       0%         N/A       100%        6
 Discord                  Hex            0%         N/A       100%        8


Dungeon Overview and Level Annotations

Branches:
Dungeon (5/15)
 Temple: D:4-7

Altars:
Gozag
Kikubaaqudgha
Okawaru
Xom


Innate Abilities, Weirdness & Mutations

Your serpentine skin is tough. (AC +2)
You have supernaturally acute eyesight. (SInv)
Armour fits poorly on your strangely shaped body.
Your system is resistant to poisons. (rPois)
You cover ground very slowly.
You can spit poison.
You have a snake-like lower body.


Message History

The gnoll bouda hits you with a +0 club.
The gnoll hits you from afar with a +0 spear.
You hit the gnoll bouda. You freeze the gnoll bouda.
You kill the gnoll bouda!
A gnoll comes into view. It is wielding a +0 flail.
You block the gnoll's attack.
A gnoll comes into view. It is wielding a +0 flail.
The gnoll shouts!
The gnoll hits you but does no damage. The gnoll hits you with a +0 spear.
The gnoll hits you but does no damage.
Things that are here:
a +0 club; a +0 leather armour You barely miss the gnoll.
Your attacks no longer feel as feeble.
The gnoll hits you from afar with a +0 halberd!
The gnoll hits you but does no damage.
The gnoll hits you from afar with a +0 spear.
The gnoll hits you from afar with a +0 spear. x2
* * * LOW HITPOINT WARNING * * *
The gnoll barely misses you. You block the gnoll's attack.
The gnoll hits you from afar with a +0 spear.
* * * LOW HITPOINT WARNING * * *
The gnoll hits you from afar with a +0 spear.
* * * LOW HITPOINT WARNING * * *
The gnoll attacks as you move away! The gnoll hits you with a +0 flail.
* * * LOW HITPOINT WARNING * * *
The gnoll hits you with a +0 flail.
* * * LOW HITPOINT WARNING * * *
The gnoll attacks as you move away! The gnoll hits you but does no damage.
The gnoll hits you from afar with a +0 spear.
* * * LOW HITPOINT WARNING * * *
The gnoll hits you with a +0 flail.
* * * LOW HITPOINT WARNING * * *
The gnoll attacks as you move away! The gnoll closely misses you.
You block the gnoll's attack. The gnoll hits you but does no damage.
The gnoll hits you from afar with a +0 spear.
* * * LOW HITPOINT WARNING * * *
The gnoll attacks as you move away! The gnoll hits you with a +0 flail.
You die...

##..........###
##.............##
#...............#
#...............#
##.............#
#.............# ..#
#............##
..####............##
...#
#.......ggg@..###
...#
##......g##.....##
...#
#......#####....###
...## ##...g##
###....## ....#
#....# .####...###
....# #...##
.......#....###
....# ##...#
..............#
....# #...##
..............##
....# #...#
...............#


You could see 4 gnolls.

Vanquished Creatures
  3 lemures
  A scorpion (D:4)
  A necrophage (D:5)
  A howler monkey (D:4)
  A gnoll bouda (D:5)
  2 hounds (D:4)
  A jelly (D:5)
  2 iguanas
  7 adders
  5 worms
  A dart slug (D:3)
  8 orcs
  6 ball pythons
  3 endoplasms
  3 giant cockroaches (D:1)
  4 goblins
  4 hobgoblins
  7 jackals (D:2)
  9 kobolds
  2 quokkas
  4 bats
  2 frilled lizards
  3 rats
80 creatures vanquished.

Notes
Turn   | Place    | Note
-------+----------+-------------------------------------------
     0 | D:1      | RaspberryAmber the Naga Fighter began the quest for the
                  | Orb.
     0 | D:1      | Reached XP level 1. HP: 21/21 MP: 1/1
   357 | D:1      | Reached XP level 2. HP: 28/28 MP: 2/2
   397 | D:1      | Found a faded altar of an unknown god.
   933 | D:2      | Reached XP level 3. HP: 27/34 MP: 3/3
  1786 | D:2      | Reached skill level 1 in Dodging
  1790 | D:2      | Reached XP level 4. HP: 29/44 MP: 4/4
  1927 | D:3      | Identified the +1 robe of Uskayaw's Grace {Harm Str+4
                  | Slay-3 Archmagi}
  2224 | D:3      | HP: 1/44 [worm (8)]
  2531 | D:3      | Identified the +10 long sword "Warpheryi" {freeze, rF-
                  | Str+6}
  3066 | D:4      | Reached skill level 4 in Fighting
  3066 | D:4      | Reached skill level 1 in Long Blades
  3139 | D:4      | Reached XP level 5. HP: 49/50 MP: 5/5
  3226 | D:4      | Found an iron altar of Okawaru.
  3226 | D:4      | Found an opulent altar of Gozag.
  3226 | D:4      | Found a shimmering altar of Xom.
  3226 | D:4      | Found an ancient bone altar of Kikubaaqudgha.
  3479 | D:4      | Reached XP level 6. HP: 60/60 MP: 6/6
  3526 | D:4      | Reached skill level 5 in Fighting
  3531 | D:4      | Got the Writings on the Frigid Caves
  4214 | D:5      | Entered Level 5 of the Dungeon
  4823 | D:5      | Reached XP level 7. HP: 61/68 MP: 7/7
  4890 | D:5      | HP: 3/68 [gnoll/+0 spear[a gnoll bouda] (5)]
  4895 | D:5      | HP: 1/68 [gnoll/+0 spear[a gnoll bouda] (3)]
  4898 | D:5      | Slain by a gnoll

Illustrated notes

Levels and vault maps discovered:
D:1:      dpeg_arrival_tiny_j, layout_basic, ebering_ecumenical_altar_webs
D:2:      layout_rooms, kennysheep_generic_room_8
D:3:      wad_lake_hut, layout_basic, hangedman_decor_peaks_small,
          minmay_pentomino_pile
D:4:      layout_loops_ring, chequers_temple_overflow_statue_of_worship,
          kennysheep_pointless_box, wad_orctagon
D:5:      layout_cave_pods, minmay_misc_feat_ornament, uniq_pikel

Skill      XL: |  1  2  3  4  5  6 |
---------------+-------------------+-----
Axes           | 3 |  3.2
Dodging        | 1 |  1.0
Fighting       | 4 5 |  5.8
Long Blades    | 1 2 3 |  3.9
Armour         | |  2.4
Shields        | |  2.6

Action                   |  1- 3 |  4- 6 |  7- 9 || total
-------------------------+-------+-------+-------++-------
Melee: War axe           |    96 |    32 |       ||   128
       Long sword        |       |    94 |     7 ||   101
  Use: Potion            |     1 |       |       ||     1
Armor: Scale mail        |    58 |    32 |       ||    90
       Chain mail        |       |    20 |     7 ||    27
Dodge: Dodged            |    46 |    28 |     5 ||    79
Block: Buckler           |    29 |    19 |     6 ||    54

Table legend: (Time is in decaauts)
 A = Elapsed time spent in this place.
 B = Non-inter-level travel time spent in this place.
 C = Inter-level travel time spent in this place.
 D = Time resting spent in this place.
 E = Time spent auto-exploring this place.
 F = Levels seen in this place.
 G = Mean time per level.
                   A        B        C        D        E       F      G
               +--------+--------+--------+--------+--------+-----+--------+
         Total |   6137 |   5999 |    138 |    443 |   4674 |   5 | 1227.4 |
       Dungeon |   6137 |   5999 |    138 |    443 |   4674 |   5 | 1227.4 |
               +--------+--------+--------+--------+--------+-----+--------+

Top non-repeatable levels by time:
     D:4: 1640 daAuts
     D:3: 1465 daAuts
     D:1: 1218 daAuts
     D:2: 1194 daAuts
     D:5: 617 daAuts
